 Dungeon Crawl Stone Soup version 0.29.0-4-gdea44cf6ec (webtiles) character file.

Game seed: 14869392819154694649

1010 qw the Cleaver (level 8, -3/46 HPs)
             Began as a Tengu Warper on Aug 28, 2022.
             Slain by a troll (15 damage)
             ... on level 5 of the Dungeon.
             The game lasted 00:00:29 (5356 turns).

qw the Cleaver (Tengu Warper)                       Turns: 5356, Time: 00:00:30

Health: -3/46      AC: 11    Str: 14    XL:     8   Next: 21%
Magic:  12/12      EV:  9    Int: 13    God:
Gold:   830        SH:  0    Dex: 14    Spells: 11/11 levels left

rFire   . . .      SeeInvis .   Y - +2 war axe (vorpal)
rCold   . . .      Faith    .   (no shield)
rNeg    . . .      Spirit   .   c - +0 plate armour
rPois   +          Reflect  .   (helmet restricted)
rElec   .          Harm     .   (no cloak)
rCorr   .          Rampage  .   (no gloves)
Will    .....                   (boots unavailable)
Stlth   ..........              (no amulet)
HPRegen 0.15/turn               k - ring of poison resistance
MPRegen 0.13/turn               h - +4 ring of evasion

@: flying quickly and evasively, quick
A: beak, talons 3, nimble flight
a: no special abilities


You were on level 5 of the Dungeon.
You visited 1 branch of the dungeon, and saw 5 of its levels.

You collected 890 gold pieces.
You spent 60 gold pieces at shops.


Innate Abilities, Weirdness & Mutations

You have a beak for a mouth.
You have claws for feet.
Your magical nature lets you fly swiftly and evasively.


   Skills:
 + Level 3.5 Fighting
 - Level 9.4 Axes
 - Level 1.0 Throwing
 - Level 3.0 Armour
 - Level 2.1 Dodging
 - Level 2.0 Spellcasting
 - Level 2.4 Translocations


You had 11 spell levels left.
You didn't know any spells.
Your spell library contained the following spells:

 Spells                   Type           Power      Damage    Failure   Level
 Blink                    Tloc           14%        N/A       100%        2
 Gell's Gravitas          Tloc           7%         N/A       100%        3
 Lesser Beckoning         Tloc           7%         N/A       100%        3
 Teleport Other           Tloc           7%         N/A       100%        3
 Manifold Assault         Tloc           7%         N/A       100%        5

Inventory:

Hand Weapons
 b - a +0 flail
 Y - a +2 vorpal war axe (weapon)
Armour
 c - a +0 plate armour (worn)
Jewellery
 h - a +4 ring of evasion (right hand)
 k - a ring of poison resistance (left hand)
Scrolls
 a - a scroll of brand weapon {unknown}
 i - a scroll of identify
Potions
 d - a potion of attraction {unknown}
 e - 2 potions of mutation
 f - 3 potions of curing
 j - a potion of might
 m - a potion of ambrosia {unknown}
 n - a potion of haste {unknown}
 o - a potion of brilliance {unknown}

Dungeon Overview and Level Annotations

Branches:
Dungeon (5/15)
 Temple: D:4-7

Altars:
Dithmenos
Makhleb
Wu Jian
The Shining One

Shops:
D:2 [**


Message History

Found a manual of Poison Magic.
Found a stone staircase leading down.
The troll shouts! x2
5345 ||| Stepping ~*~*~tactically~*~*~ (hiding).
5346 ||| Stepping ~*~*~tactically~*~*~ (hiding).
You start waiting.
A troll is nearby!
You hit the troll. You claw the troll! You peck the troll.
The troll is moderately wounded.
You slash the troll! You claw the troll. You peck the troll, but do no damage.
The troll is heavily wounded.
The troll closely misses you. The troll barely misses you.
The troll closely misses you.
You hit the troll. You claw the troll. Your peck misses the troll.
The troll is almost dead.
You hit the troll. The troll bites you but does no damage.
The troll claws you but does no damage. The troll claws you!
The troll misses you. The troll claws you. x2
You slash the troll!
You kill the troll!
You closely miss the troll. The troll bites you but does no damage.
The troll claws you. The troll barely misses you.
Your Axes skill increases to level 9!
You have reached level 8!
You feel stronger.
You hit the troll. Your kick misses the troll. Your peck misses the troll.
The troll is lightly wounded.
The troll bites you but does no damage. The troll barely misses you.
The troll misses you.
You hit the troll. You claw the troll.
The troll is moderately wounded.
The troll bites you but does no damage. The troll claws you.
The troll claws you!
You slash the troll!
The troll is heavily wounded.
The troll bites you. The troll barely misses you.
The troll claws you but does no damage.
You hit the troll. You claw the troll. You peck the troll, but do no damage.
The troll is severely wounded.
The troll bites you!
You die...

.......... #....###
.........# #.......
.........+ #......
.........#. #.....
.........#.. #....##+##.>
.........#..##....#......
.........+......<......#
##.......#.......T#....#
#.......#..##..@#.....#
#.......#..##..##.....#
#.......#..##%.# ..T....
#.......#.....## ..8.D..
##.......#.....# .To....
.........#.....# :.....
.........##.#..#
..#+##)...#.##..## ..
#....%......#


You could see a troll.

Vanquished Creatures
  A troll (D:5)
  A water moccasin (D:5)
  A black bear (D:5)
  An ogre (D:4)
  2 scorpions (D:4)
  A howler monkey (D:5)
  4 orc priests
  2 iguanas
  Ijyb (D:3)
  An orc wizard (D:4)
  2 adders
  A worm (D:2)
  3 dart slugs
  19 orcs
  9 bats
  5 endoplasms
  8 giant cockroaches
  A hobgoblin (D:4)
  12 jackals
  6 quokkas
  6 ball pythons
  6 frilled lizards
  2 goblins
  7 kobolds
  5 rats
107 creatures vanquished.

Vanquished Creatures (others)
  A plant (D:3)
1 creature vanquished.

Grand Total: 108 creatures vanquished

Notes
Turn   | Place    | Note
-------+----------+-------------------------------------------
     0 | D:1      | qw the Tengu Warper began the quest for the Orb.
     0 | D:1      | Reached XP level 1. HP: 12/12 MP: 4/4
     0 | D:1      | 0 ||| qw: Version: 0.1-a-89-g26bdef1
     0 | D:1      | 0 ||| qw: Game counter: 2470
     0 | D:1      | 0 ||| qw: Always use a shield: true
     0 | D:1      | 0 ||| qw: God list: Okawaru
     0 | D:1      | 0 ||| qw: Allow faded altars: false
     0 | D:1      | 0 ||| qw: Do Orc after D:15 true
     0 | D:1      | 0 ||| qw: Do second Lair branch before Depths: true
     0 | D:1      | 0 ||| qw: Lair rune preference: random
     0 | D:1      | 0 ||| qw: Plans: Normal
     0 | D:1      | 0 ||| PLANNING D:1-11
    61 | D:1      | 61 ||| Stepping ~*~*~tactically~*~*~ (stealth).
    66 | D:1      | 66 ||| Stepping ~*~*~tactically~*~*~ (stealth).
    67 | D:1      | 67 ||| Stepping ~*~*~tactically~*~*~ (stealth).
   104 | D:1      | Reached XP level 2. HP: 11/17 MP: 6/6
   233 | D:1      | Reached skill level 3 in Axes
   270 | D:1      | 270 ||| Stepping ~*~*~tactically~*~*~ (stealth).
   277 | D:1      | 277 ||| Stepping ~*~*~tactically~*~*~ (stealth).
   279 | D:1      | 279 ||| Stepping ~*~*~tactically~*~*~ (stealth).
   535 | D:1      | Reached XP level 3. HP: 17/21 MP: 7/7
   611 | D:1      | 611 ||| Stepping ~*~*~tactically~*~*~ (stealth).
   616 | D:1      | 616 ||| Stepping ~*~*~tactically~*~*~ (stealth).
   670 | D:1      | 670 ||| Stepping ~*~*~tactically~*~*~ (stealth).
   979 | D:1      | 979 ||| UPGRADING to +0 scale mail.
   989 | D:1      | 989 ||| DROPPING +0 leather armour.
   990 | D:1      | 990 ||| UPGRADING to ring of poison resistance.
   991 | D:1      | 991 ||| READING scroll labelled COSHOKK ORUEFU.
   992 | D:1      | 992 ||| READING scroll labelled HYACOSI NOTT.
   993 | D:1      | 993 ||| READING scroll labelled ABEOHA GOGUYT.
   994 | D:1      | 994 ||| READING scroll labelled UTWUYNK DYTUSU.
   995 | D:1      | 995 ||| DROPPING scroll of blinking.
  1044 | D:2      | Reached skill level 4 in Axes
  1065 | D:2      | 1065 ||| Stepping ~*~*~tactically~*~*~ (stealth).
  1168 | D:2      | 1168 ||| SWAPPING to +0 war axe.
  1178 | D:2      | 1178 ||| DROPPING +0 hand axe.
  1353 | D:2      | Found Qacucol's Assorted Antiques.
  1371 | D:2      | 1371 ||| BUYING black potion (21 gold).
  1371 | D:2      | Bought a black potion for 21 gold pieces
  1371 | D:2      | 1371 ||| BUYING dark potion (21 gold).
  1371 | D:2      | Bought a dark potion for 21 gold pieces
  1371 | D:2      | 1371 ||| SHOPLISTING scroll labelled NIZXIY BEGI (24 gold,
                  | have 11).
  1428 | D:2      | Found Suygiw's Assorted Antiques.
  1431 | D:2      | 1431 ||| BUYING bubbling ruby potion (18 gold).
  1431 | D:2      | Bought a bubbling ruby potion for 18 gold pieces
  1431 | D:2      | 1431 ||| SHOPLISTING bubbling white potion (18 gold, have
                  | 5).
  1431 | D:2      | 1431 ||| SHOPLISTING scroll labelled NIZXIY BEGI (20 gold,
                  | have 5).
  1431 | D:2      | 1431 ||| SHOPLISTING scroll labelled TEVVECSETEA (20 gold,
                  | have 5).
  1431 | D:2      | 1431 ||| SHOPLISTING scroll of identify (40 gold, have 5).
  1441 | D:2      | Found Pybab's Antique Armour Shoppe.
  1474 | D:2      | 1474 ||| SHOPLISTING runed cloak (157 gold, have 5).
  1474 | D:2      | 1474 ||| SHOPLISTING runed plate armour (546 gold, have 5).
  1474 | D:2      | 1474 ||| SHOPLISTING shiny orb (252 gold, have 5).
  1660 | D:2      | Reached XP level 4. HP: 26/26 MP: 8/8
  1716 | D:2      | 1716 ||| UPGRADING to +0 plate armour.
  1726 | D:2      | 1726 ||| DROPPING +0 scale mail.
  1727 | D:2      | 1727 ||| READING scroll labelled NIZXIY BEGI.
  1730 | D:2      | 1730 ||| READING scroll labelled VIACAU CEOMOTZ.
  1731 | D:2      | 1731 ||| READING scroll labelled FEOMON OCOSAAB.
  1732 | D:2      | 1732 ||| DRINKING 2 bubbling white potions.
  1733 | D:2      | 1733 ||| DRINKING 2 lumpy golden potions.
  1734 | D:2      | 1734 ||| DROPPING potion of degeneration.
  1960 | D:3      | 1960 ||| Stepping ~*~*~tactically~*~*~ (hiding).
  2017 | D:3      | 2017 ||| DROPPING +0 club.
  2053 | D:3      | 2053 ||| Stepping ~*~*~tactically~*~*~ (stealth).
  2091 | D:3      | 2091 ||| Stepping ~*~*~tactically~*~*~ (stealth).
  2092 | D:3      | 2092 ||| Stepping ~*~*~tactically~*~*~ (stealth).
  2140 | D:3      | 2140 ||| Stepping ~*~*~tactically~*~*~ (stealth).
  2142 | D:3      | 2142 ||| Stepping ~*~*~tactically~*~*~ (stealth).
  2143 | D:3      | 2143 ||| FLEEEEING.
  2145 | D:3      | 2145 ||| Stepping ~*~*~tactically~*~*~ (stealth).
  2358 | D:3      | Reached skill level 5 in Axes
  2358 | D:3      | Gained mutation: Your magical nature lets you fly swiftly
                  | and evasively. [Tengu growth]
  2358 | D:3      | Reached XP level 5. HP: 9/30 MP: 9/9
  2360 | D:3      | HP: 6/30 [orc/+0 vorpal hand axe (3)]
  2361 | D:3      | 2361 ||| READING scroll of teleportation.
  2361 | D:3      | Noticed Ijyb
  2363 | D:3      | 2363 ||| FLEEEEING.
  2385 | D:3      | 2385 ||| FLEEEEING.
  2401 | D:3      | HP: 5/30 [Ijyb/+2 dagger of protection (4)]
  2403 | D:3      | HP: 2/30 [Ijyb/+2 dagger of protection (3)]
  2407 | D:3      | Killed Ijyb
  2754 | D:3      | 2754 ||| Stepping ~*~*~tactically~*~*~ (stealth).
  2756 | D:3      | 2756 ||| Stepping ~*~*~tactically~*~*~ (stealth).
  2817 | D:3      | 2817 ||| SWAPPING to +2 vorpal war axe.
  2818 | D:3      | 2818 ||| DROPPING +1 war axe.
  2932 | D:3      | Found a faded altar of an unknown god.
  3256 | D:3      | 3256 ||| DROPPING amulet of magic regeneration.
  3257 | D:3      | 3257 ||| READING scroll labelled GIMMIDW LAPT.
  3397 | D:3      | 3397 ||| READING 2 scrolls of identify.
  3397 | D:3      | 3397 ||| IDENTIFYING bubbling green potion
  3483 | D:4      | Reached skill level 6 in Axes
  3483 | D:4      | Reached XP level 6. HP: 17/35 MP: 10/10
  3827 | D:4      | Reached skill level 7 in Axes
  3915 | D:4      | Reached skill level 3 in Armour
  3915 | D:4      | HP: 4/35 [orc priest/+0 mace (6)]
  3917 | D:4      | Reached XP level 7. HP: 5/40 MP: 11/11
  4227 | D:4      | 4227 ||| Stepping ~*~*~tactically~*~*~ (hiding).
  4295 | D:4      | 4295 ||| Stepping ~*~*~tactically~*~*~ (stealth).
  4296 | D:4      | 4296 ||| Stepping ~*~*~tactically~*~*~ (stealth).
  4368 | D:4      | Reached skill level 3 in Fighting
  4523 | D:4      | Found a burning altar of Makhleb.
  4523 | D:4      | Found a shadowy altar of Dithmenos.
  4524 | D:4      | Found an ornate altar of the Wu Jian Council.
  4538 | D:4      | Found a glowing golden altar of the Shining One.
  4688 | D:4      | 4688 ||| UPGRADING to +4 ring of evasion.
  4689 | D:4      | 4689 ||| READING scroll labelled WIGIMO FOIS.
  4690 | D:4      | 4690 ||| READING scroll labelled TEVVECSETEA.
  4690 | D:4      | Identified a scroll of acquirement
  4690 | D:4      | 4690 ||| ACQUIRING 649 gold pieces
  4690 | D:4      | Acquired 649 gold pieces
  4692 | D:4      | 4692 ||| DRINKING 2 bubbling ruby potions.
  4728 | D:4      | 4728 ||| READING 3 scrolls of identify.
  4728 | D:4      | 4728 ||| IDENTIFYING black potion
  4729 | D:4      | 4729 ||| READING 2 scrolls of identify.
  4729 | D:4      | 4729 ||| IDENTIFYING dark potion
  4730 | D:4      | 4730 ||| DROPPING potion of lignification.
  4733 | D:5      | Entered Level 5 of the Dungeon
  4950 | D:5      | 4950 ||| Stepping ~*~*~tactically~*~*~ (stealth).
  4954 | D:5      | 4954 ||| Stepping ~*~*~tactically~*~*~ (stealth).
  4956 | D:5      | HP: 10/41 [water moccasin (2)]
  4957 | D:5      | 4957 ||| DRINKING potion of heal wounds.
  4960 | D:5      | Reached skill level 8 in Axes
  5343 | D:5      | Noticed a steam dragon
  5344 | D:5      | 5344 ||| Stepping ~*~*~tactically~*~*~ (hiding).
  5344 | D:5      | Noticed a troll
  5344 | D:5      | Noticed a troll
  5345 | D:5      | 5345 ||| Stepping ~*~*~tactically~*~*~ (hiding).
  5346 | D:5      | 5346 ||| Stepping ~*~*~tactically~*~*~ (hiding).
  5352 | D:5      | Killed a troll
  5353 | D:5      | Reached skill level 9 in Axes
  5353 | D:5      | Reached XP level 8. HP: 26/46 MP: 12/12
  5356 | D:5      | Slain by a troll

Levels and vault maps discovered:
D:1:      lemuel_arrival_hallway, layout_loops_ring, minmay_ruptured
D:2:      layout_basic, serial_shops, nicolae_shop_trees,
          nicolae_shop_behind_doors, nicolae_shop_waterfront
D:3:      layout_basic, basic_ecumenical_altar, serial_bayou_pond_a, uniq_ijyb
D:4:      layout_cave_pools, nicolae_overflow_quartered_altars
D:5:      layout_gridville, temple_hall, minmay_manual_moon

Skill      XL: |  1  2  3  4  5  6  7 |
---------------+----------------------+-----
Axes           | 3 4 5 6 7 9 |  9.4
Armour         | 2 3 |  3.0
Fighting       | 3 |  3.5
Throwing       | |  1.0
Dodging        | |  2.1
Spellcasting   | |  2.0
Translocations | |  2.4

Action                   |  1- 3 |  4- 6 |  7- 9 || total
-------------------------+-------+-------+-------++-------
Melee: Hand axe          |    59 |       |       ||    59
       Kick              |    20 |    20 |    25 ||    65
       Peck              |    12 |    12 |    10 ||    34
       War axe           |    20 |    99 |    61 ||   180
Throw: Boomerang         |     7 |    25 |     4 ||    36
  Use: Scroll            |     4 |     6 |     4 ||    14
       Potion            |       |     2 |     2 ||     4
Armor: Leather armour    |     9 |       |       ||     9
       Scale mail        |    17 |       |       ||    17
       Plate armour      |       |    49 |    27 ||    76
Dodge: Dodged            |    38 |    17 |    24 ||    79

Table legend:
 A = Non-vault XP
 B = Vault XP
 C = Vault XP percentage of total XP
 D = Non-vault monster count
 E = Vault monster count
 F = Vault count percentage of total count
                 A         B        C        D         E       F
            +---------+---------+-------+---------+---------+-------
      Total |    1096 |     347 |  24.0 |     102 |       5 |   4.7
            +---------+---------+-------+---------+---------+-------
        D:1 |      39 |       4 |   9.3 |      24 |       3 |  11.1
        D:2 |      41 |       0 |   0.0 |      16 |       0 |   0.0
        D:3 |     157 |      36 |  18.7 |      32 |       1 |   3.0
        D:4 |     495 |       0 |   0.0 |      25 |       0 |   0.0
        D:5 |     364 |     307 |  45.8 |       5 |       1 |  16.7
            +---------+---------+-------+---------+---------+-------
